 Dungeon Crawl Stone Soup version 0.27.1-33-g824d729ab1 (webtiles) character file.

Game seed: 17365761537374275742

247 safid the Skirmisher (level 6, -2/56 HPs)
             Began as a Hill Orc Fighter on Dec 20, 2021.
             Splashed by a jelly's acid (8 damage)
             ... on level 3 of the Dungeon.
             The game lasted 00:06:08 (3039 turns).

safid the Skirmisher (Hill Orc Fighter)             Turns: 3039, Time: 00:06:09

Health: -2/56      AC: -10   Str: 21    XL:     6   Next: 11%
Magic:  6/6        EV:  7    Int:  8    God:
Gold:   159        SH:  9    Dex: 10    Spells: 5/5 levels left

rFire    . . .     SeeInvis .   a - +0 war axe
rCold    . . .     Faith    .   c - +0 kite shield
rNeg     . . .     Spirit   .   b - +0 scale mail
rPois    .         Reflect  .   (no helmet)
rElec    .         Harm     .   (no cloak)
rCorr    .         Rampage  .   i - +0 pair of gloves
Will     .....                  e - +0 pair of boots
Stlth    ..........             j - amulet of regeneration
HPRegen  1.18/turn              (no ring)
MPRegen  0.10/turn              (no ring)

@: corroded
A: no striking features
a: no special abilities


You were on level 3 of the Dungeon.
You visited 1 branch of the dungeon, and saw 4 of its levels.

You collected 159 gold pieces.

Inventory:

Hand Weapons
 a - a +0 war axe (weapon)
Missiles
 m - 5 boomerangs (quivered)
 x - 3 poisoned darts
Armour
 b - a +0 scale mail (worn)
 c - a +0 kite shield (worn)
 e - a +0 pair of boots (worn)
 i - a +0 pair of gloves (worn)
Jewellery
 j - an amulet of regeneration (around neck)
 w - a ring of magical power
 B - a +6 ring of intelligence
Scrolls
 f - a scroll of fear {unknown}
 h - a scroll of immolation {unknown}
 k - 2 scrolls of identify {unknown}
 l - 3 scrolls of teleportation {unknown}
 o - 2 scrolls of amnesia {unknown}
 y - a scroll of blinking {unknown}
 C - a scroll of enchant weapon {unknown}
Potions
 d - 4 potions of might
 g - a potion of attraction {unknown}
 n - a potion of haste {unknown}
 p - 2 potions of berserk rage {unknown}
 q - a potion of mutation {unknown}
 r - a potion of resistance {unknown}
 s - a potion of cancellation {unknown}
 t - a potion of degeneration {unknown}
 u - a potion of curing {unknown}
 v - 2 potions of brilliance {unknown}
 z - a potion of flight {unknown}
 A - a potion of heal wounds {unknown}


   Skills:
 - Level 5.0 Fighting
 + Level 4.6 Axes
 + Level 4.6 Armour
 + Level 4.7 Shields


You had 5 spell levels left.
You didn't know any spells.
Your spell library was empty.

Dungeon Overview and Level Annotations

Branches:
Dungeon (4/15)
 Temple: D:4-7

Altars:
Yredelemnul


Message History

Unknown command.
There is a stone staircase leading down here.
A goblin comes into view. It is wielding a +0 club.
There is a stone staircase leading up here.
The jelly hits you.
You are splashed with acid!
You climb upwards.
There is a stone staircase leading down here.
You hit the jelly but do no damage.
Your hands burn!
The jelly hits you. The acid corrodes you!
You are splashed with acid.
Unknown command.
You hit the jelly.
Your hands burn!
* * * LOW HITPOINT WARNING * * *
The jelly is lightly wounded.
The jelly barely misses you. You block the jelly's attack.
Unknown command.
You hit the jelly.
Your hands burn!
* * * LOW HITPOINT WARNING * * *
The jelly is moderately wounded.
The jelly closely misses you.
Unknown command.
You hit the jelly but do no damage. The acid corrodes you!
Your hands burn!
* * * LOW HITPOINT WARNING * * *
The jelly is moderately wounded.
The jelly hits you.
* * * LOW HITPOINT WARNING * * *
You are splashed with acid!
* * * LOW HITPOINT WARNING * * *
The jelly closely misses you.
You hit the jelly.
Your hands burn!
* * * LOW HITPOINT WARNING * * *
The jelly is heavily wounded.
You block the jelly's attack.
Unknown command.
You hit the jelly but do no damage.
Your hands burn!
* * * LOW HITPOINT WARNING * * *
The jelly is heavily wounded.
The jelly closely misses you. The jelly hits you.
* * * LOW HITPOINT WARNING * * *
You are splashed with acid!
You die...

#.........##.#..# #...........#
#.........##....######.####.#.#
##.........###.....[.......#.#.#
#..........................#.#.#
#.############......####...#.#.#
#.###### #........##...#<..#
#......# #....#.#.##...#.###
#......# ##...#..(.+...#.# #
##......## #@J.##.###...#.# #
.........# #............#.# #
.........# ####..###.#.......# #
.........# #.............##### #
.........# #.##..##..P.P.# #
.........# #.##......._..#######
..>......# #.##.#....P÷.........
.........# #.##.#........#######
...†.....# #.##.........#.......


You could see a jelly.

Vanquished Creatures
  A scorpion (D:4)
  2 hounds
  An iguana (D:4)
  3 adders
  A worm (D:2)
  3 dart slugs
  4 orcs
  11 endoplasms
  A giant cockroach (D:3)
  5 goblins
  6 hobgoblins
  6 kobolds
  3 quokkas
  4 ball pythons
  3 bats
  4 frilled lizards
  8 rats
66 creatures vanquished.

Vanquished Creatures (others)
  6 plants (D:2)
  A withered plant (D:3)
7 creatures vanquished.

Grand Total: 73 creatures vanquished

Notes
Turn   | Place    | Note
-------+----------+-------------------------------------------
     0 | D:1      | safid the Hill Orc Fighter began the quest for the Orb.
     0 | D:1      | Reached XP level 1. HP: 19/19 MP: 1/1
   140 | D:1      | Reached XP level 2. HP: 27/27 MP: 2/2
   333 | D:1      | Reached skill level 4 in Fighting
   378 | D:1      | Reached XP level 3. HP: 16/33 MP: 3/3
  1122 | D:2      | Found a faded altar of an unknown god.
  1621 | D:2      | Reached XP level 4. HP: 41/41 MP: 4/4
  2113 | D:3      | Found a basalt altar of Yredelemnul.
  2748 | D:4      | Reached XP level 5. HP: 29/47 MP: 5/5
  2838 | D:4      | Reached skill level 5 in Fighting
  2838 | D:4      | Reached XP level 6. HP: 42/56 MP: 6/6
  3039 | D:3      | Splashed by a jelly's acid

Illustrated notes

Levels and vault maps discovered:
D:1:      evilmike_arrival_crescent, layout_loops_ring
D:2:      layout_basic, dreamdust_ecumenical_altar_grove, serial_bayou_pond_c,
          dk_vineyard_1
D:3:      layout_basic, yredelemnul_altar_generic
D:4:      layout_cave_pools

Skill      XL: |  1  2  3  4  5 |
---------------+----------------+-----
Axes           | 3 4 |  4.6
Fighting       | 4 5 |  5.0
Shields        | 4 |  4.7
Armour         | 4 |  4.6

Action                   |  1- 3 |  4- 6 || total
-------------------------+-------+-------++-------
Melee: War axe           |   122 |    77 ||   199
Armor: Scale mail        |    58 |    42 ||   100
Dodge: Dodged            |    38 |    26 ||    64
Block: Kite shield       |    58 |    47 ||   105
